 Dungeon Crawl Stone Soup version 0.31.0 (webtiles) character file.

Game seed: 16882472597280513265

33 qw the Shooter (level 3, -3/21 HPs)
             Began as a Gargoyle Hunter on Jan 19, 2024.
             Slain by Terence
             ... wielding a +0 flail
              (11 damage)
             ... on level 2 of the Dungeon.
             The game lasted 00:00:04 (1115 turns).

qw the Shooter (Gargoyle Hunter)                    Turns: 1115, Time: 00:00:04

Health: -3/21      AC:  8    Str: 14    XL:     3   Next: 29%
Magic:  3/3        EV: 10    Int:  9    God:
Gold:   92         SH:  0    Dex: 15    Spells: 2/2 levels left

rFire   . . .        a - +0 shortbow
rCold   . . .        (shield currently unavailable)
rNeg    + . .        d - +0 ring mail
rPois   inf          (no helmet)
rElec   +            (no cloak)
rCorr   .            (no gloves)
SInv    .            (no boots)
Will    .....        (no amulet)
Stlth   +            (no ring)
HPRegen 0.23/turn    (no ring)
MPRegen 0.08/turn

%: no passive effects
@: no status effects
A: sickness immunity, AC +3, negative energy resistance 1, electricity
resistance, torment resistance 1, petrification resistance
a: no special abilities


You were on level 2 of the Dungeon.
You visited 1 branch of the dungeon, and saw 2 of its levels.

You collected 92 gold pieces.


Innate Abilities, Weirdness & Mutations

You are immune to sickness and miasma.
Your stone body is resilient. (AC +3)
You are immune to poison.
You resist negative energy. (rN+)
You are resistant to electric shocks. (rElec)
You are resistant to unholy torment.
You are immune to petrification.


   Skills:
 - Level 2.1 Fighting
 + Level 4.9 Ranged Weapons
 - Level 1.0 Armour
 - Level 1.5 Dodging
 - Level 1.1 Stealth


You had 2 spell levels left.
You didn't know any spells.
Your spell library was empty.

Inventory:

Hand Weapons
 a - a +0 shortbow (weapon)
Armour
 d - a +0 ring mail (worn)
Scrolls
 c - a scroll of amnesia {unknown}
 f - a scroll of enchant armour
Potions
 b - a potion of enlightenment {unknown}
 e - a potion of haste {unknown}

Dungeon Overview and Level Annotations

Branches:
Dungeon (2/15)

Altars:
Gozag

Annotations:
D:2 Terence


Message History

You shoot an arrow. The arrow hits the giant cockroach!
You kill the giant cockroach!
A ball python comes into view.
The ball python hisses angrily.
You shoot an arrow. The arrow hits the ball python.
You kill the ball python!
A bat comes into view.
You shoot an arrow. The arrow hits the bat!
You kill the bat!
Found an opulent altar of Gozag.
Terence the Incautious comes into view.
He is wielding a +0 flail.
Found a stone staircase leading up.
Terence shouts!
Enter note:
Enter note: You shoot an arrow.
The arrow closely misses Terence.
You shoot an arrow. The arrow closely misses Terence.
Found a leather armour.
You shoot an arrow.
The arrow hits Terence but does no damage.
You shoot an arrow. The arrow hits Terence.
Terence is lightly wounded.
Terence hits you but does no damage.
You shoot an arrow.
The arrow hits Terence but does no damage.
Terence is lightly wounded.
Terence asks, "Do you want it fast or slow?"
Terence hits you with a +0 flail.
You shoot an arrow. The arrow barely misses Terence.
Terence hits you with a +0 flail. x2
You shoot an arrow. The arrow closely misses Terence.
Terence hits you with a +0 flail.
You shoot an arrow. The arrow closely misses Terence.
Terence barely misses you.
You shoot an arrow. The arrow hits Terence.
Terence is moderately wounded.
Terence hits you with a +0 flail!
Ouch! That really hurt!
You die...
Terence says, "That felt goooood."

### #.[ ##### #...
#########...#
###...###...........#
.<..$.....####......#
......$@..# #..._..#
......@..## ##.....#
###...#### #.....#
#... #####.# .... #.#
#.##. ####### #.# # #
#.....# #.# #.....#
#.# #.....# #.#


You could see Terence.

Vanquished Creatures
  A ribbon worm (D:2)
  4 ball pythons
  2 bats
  3 endoplasms
  4 giant cockroaches
  3 goblins
  3 hobgoblins (D:1)
  2 kobolds (D:1)
  A quokka (D:1)
  2 frilled lizards
  A rat (D:2)
26 creatures vanquished.

Notes
Turn   | Place    | Note
-------+----------+-------------------------------------------
     0 | D:1      | qw the Gargoyle Hunter began the quest for the Orb.
     0 | D:1      | Reached XP level 1. HP: 12/12 MP: 1/1
     0 | D:1      | 0 ||| qw: Version: 0.3-a-132-g3d54051
     0 | D:1      | 0 ||| qw: Game counter: 320
     0 | D:1      | 0 ||| qw: Melee chars always use a shield: true
     0 | D:1      | 0 ||| qw: God list: Okawaru
     0 | D:1      | 0 ||| qw: Allow faded altars: false
     0 | D:1      | 0 ||| qw: Do Orc after clearing Dungeon:15 true
     0 | D:1      | 0 ||| qw: Do second Lair branch before Depths: true
     0 | D:1      | 0 ||| qw: Lair rune preference: random
     0 | D:1      | 0 ||| qw: Goals: Normal
     0 | D:1      | 0 ||| PLANNING D:1-11
     6 | D:1      | Noticed a six-headed hydra
     6 | D:1      | Noticed a lindwurm
     6 | D:1      | Noticed a redback
     7 | D:1      | Noticed a polar bear
     7 | D:1      | Noticed an anaconda
   118 | D:1      | Reached XP level 2. HP: 16/17 MP: 2/2
   595 | D:1      | 595 ||| UPGRADING to +0 ring mail.
   605 | D:1      | 605 ||| DROPPING +0 leather armour.
   606 | D:1      | 606 ||| READING 2 scrolls labelled DAHOHU BEEG.
   607 | D:1      | 607 ||| READING scroll labelled NIUXTAOKIA.
   607 | D:1      | 607 ||| ENCHANTING +0 shortbow.
   608 | D:1      | 608 ||| READING scroll labelled LOTYIPH HELIN.
   709 | D:1      | 709 ||| DROPPING scroll of butterflies.
   710 | D:1      | 710 ||| DROPPING scroll of fog.
   791 | D:2      | Reached XP level 3. HP: 21/21 MP: 3/3
   895 | D:2      | Reached skill level 1 in Armour
   966 | D:2      | 966 ||| FLEEEEING.
  1090 | D:2      | Found an opulent altar of Gozag.
  1105 | D:2      | Noticed Terence
  1115 | D:2      | Slain by Terence

Levels and vault maps discovered:
D:1:      onia_arrival_zoo_common, layout_basic, minmay_liquid_box
D:2:      layout_loops_cross, basic_altar, minmay_tromino_v2, uniq_terence

Skill      XL: |  1  2  3 |
---------------+----------+-----
Armour         | 1 |  1.0
Fighting       | |  2.1
Ranged Weapons | |  4.9
Dodging        | |  1.5
Stealth        | |  1.1

Action                     || total
---------------------------++-------
   Fire: Shortbow          ||   109
    Use: Scroll            ||     3
 Armour: Leather armour    ||    25
         Ring mail         ||    13
  Dodge: Dodged            ||    44

Table legend:
 A = Non-vault XP
 B = Vault XP
 C = Vault XP percentage of total XP
 D = Non-vault monster count
 E = Vault monster count
 F = Vault count percentage of total count
                 A         B        C        D         E       F
            +---------+---------+-------+---------+---------+-------
      Total |      46 |       2 |   4.2 |      24 |       2 |   7.7
            +---------+---------+-------+---------+---------+-------
        D:1 |      28 |       0 |   0.0 |      15 |       0 |   0.0
        D:2 |      18 |       2 |  10.0 |       9 |       2 |  18.2
            +---------+---------+-------+---------+---------+-------
